 Dungeon Crawl Stone Soup version 0.18.1-1-g2f07953 (webtiles) character file.

486 varam the Conjurer (level 6, -10/38 HPs)
             Began as a Deep Elf Conjurer on May 6, 2016.
             Killed by divine providence
             ... invoked by an orc priest
              (15 damage)
             ... on level 5 of the Dungeon.
             The game lasted 00:19:02 (5438 turns).

varam the Conjurer (Deep Elf Conjurer)              Turns: 5438, Time: 00:19:02

Health: -10/38     AC: 10    Str:  5    XL:     6   Next: 89%
Magic:  11/14      EV:  9    Int: 24    God:
Gold:   208        SH:  0    Dex: 15    Spells: 4 memorised, 4 levels left

rFire  + . .     SeeInvis .     B - +0 quarterstaff
rCold  . . .     Gourm    .     A - +3 ring mail of Eternity {rF+ Int+2 Stlth+}
rNeg   . . .     Faith    .     (shield currently unavailable)
rPois  .         Spirit   .     (no helmet)
rElec  .         Dismiss  .     (no cloak)
rCorr  .         Reflect  .     (no gloves)
SustAt .         Harm     .     x - +1 pair of boots
MR     .....                    (no amulet)
Stlth  ++........               (no ring)
                                (no ring)

@: not resistant to hostile enchantments, unstealthy
A: no striking features
a: no special abilities


You were on level 5 of the Dungeon.
You were not hungry.

You visited 1 branch of the dungeon, and saw 5 of its levels.

You collected 208 gold pieces.

Inventory:

Hand Weapons
 B - a +0 quarterstaff (weapon)
Armour
 a - a +0 robe
 x - a +1 pair of boots (worn)
 A - the +3 ring mail of Eternity (worn) {rF+ Int+2 Stlth+}
   (You found it on level 5 of the Dungeon)

   It affects your intelligence (+2).
   It protects you from fire.
   It makes you more stealthy.
Jewellery
 g - a +4 ring of slaying {unknown}
 p - an uncursed amulet of regeneration {unknown}
Wands
 c - a wand of slowing (30/48)
Scrolls
 f - 2 scrolls of amnesia {unknown}
 i - 5 scrolls of remove curse {unknown}
 m - a scroll of recharging {unknown}
 n - 3 scrolls of identify {unknown}
 o - 6 scrolls of teleportation {unknown}
 q - a scroll of blinking {unknown}
 v - a scroll of noise {unknown}
 y - 2 scrolls of immolation {unknown}
Potions
 d - a potion of resistance {unknown}
 e - a potion of ambrosia {unknown}
 h - a potion of lignification {unknown}
 k - 4 potions of curing {unknown}
 l - 2 potions of might {unknown}
 r - a potion of heal wounds {unknown}
 s - 5 potions of flight {unknown}
 t - 2 potions of berserk rage {unknown}
 u - 2 potions of haste {unknown}
Books
 b - a book of Conjurations

   Spells                             Type                      Level
   a - Magic Dart                     Conjuration                  1
   b - Searing Ray                    Conjuration                  2
   c - Dazzling Spray                 Conjuration/Hexes            3
   d - Fulminant Prism                Conjuration/Hexes            4
   e - Iskenderun's Mystic Blast      Conjuration                  4
   f - Iskenderun's Battlesphere      Conjuration/Charms           5
Comestibles
 j - 4 meat rations
 w - a slice of pizza
 z - 11 chunks of flesh


   Skills:
 + Level 4.0 Fighting
 + Level 0.0 Staves
 - Level 2.4 Dodging
 - Level 2.4 Stealth
 - Level 4.5 Spellcasting
 - Level 6.5 Conjurations


You had 4 spell levels left.
You knew the following spells:

 Your Spells              Type           Power        Failure   Level  Hunger
a - Magic Dart            Conj           ####         3%          1    None
b - Searing Ray           Conj           #####.       6%          2    None
c - Iskenderun's Mystic   Conj           #####...     34%         4    ####...
d - Dazzling Spray        Conj/Hex       ###.....     38%         3    ##.....


Dungeon Overview and Level Annotations

Branches:
Dungeon (5/15)
 Temple: D:4-7

Altars:
Cheibriados
Dithmenos
Nemelex Xobeh
Pakellas


Message History

The magic dart hits the orc priest.
The orc priest is moderately wounded.
The orc shouts!
The orc wizard shouts!
The orc priest calls down the wrath of Beogh upon you.
Beogh smites you!
The orc wizard miscasts a cantrip.
The orc wizard gestures at you while chanting.
The magic dart hits you!
* * * LOW HITPOINT WARNING * * *
The orc wizard barely misses you. The orc wizard hits you with a dagger.
* * * LOW HITPOINT WARNING * * *
The orc wizard points at you and mumbles some strange words.
The puff of flame hits you! You resist.
* * * LOW HITPOINT WARNING * * *
The orc wizard barely misses you. The orc wizard hits you with a dagger.
* * * LOW HITPOINT WARNING * * *
The orc priest calls down the wrath of Beogh upon you.
Beogh smites you!
You die...

#......# #.####.
#.##.#.# #......
#......## ##.#....
#.##....###..#.##.
#.#.......o..#.#
#.#.##o##.####.#
###......##.# .#
#........##.# ..
#..@o......... ##
#..........#....
#.........#.#...#
#........#...#..#
###.....#.._..#..
......#.......#.
.##..########## #.
#[..


You could see an orc priest and an orc wizard.

Vanquished Creatures
  2 scorpions (D:4)
  An orc wizard (D:4)
  An orc priest (D:4)
  A centaur skeleton (D:4)
  Ijyb (D:2)
  10 gnolls
  6 adders
  2 oozes
  A worm (D:2)
  4 dart slugs
  2 giant geckos (D:2)
  11 orcs
  10 bats
  5 giant cockroaches
  10 goblins
  11 hobgoblins
  4 jackals
  2 ball pythons
  3 giant newts
  6 kobolds
  5 rats
98 creatures vanquished.

Notes
Turn   | Place    | Note
--------------------------------------------------------------
     0 | D:1      | varam the Deep Elf Conjurer began the quest for the Orb.
     0 | D:1      | Reached XP level 1. HP: 10/10 MP: 6/6
   311 | D:1      | Reached XP level 2. HP: 15/15 MP: 6/8
   441 | D:1      | Reached skill level 5 in Conjurations
   864 | D:2      | Reached XP level 3. HP: 12/19 MP: 6/10
  1154 | D:2      | Learned a level 2 spell: Searing Ray
  2127 | D:2      | Reached XP level 4. HP: 19/24 MP: 8/12
  2201 | D:3      | Found a snail-covered altar of Cheibriados.
  2329 | D:3      | Reached skill level 6 in Conjurations
  2484 | D:3      | Found a sparkling altar of Nemelex Xobeh.
  2577 | D:3      | Reached XP level 5. HP: 4/28 MP: 9/13
  2957 | D:3      | Found a shadowy altar of Dithmenos.
  3446 | D:2      | Noticed Ijyb
  3467 | D:2      | Killed Ijyb
  3467 | D:2      | Reached skill level 1 in Fighting
  3704 | D:3      | Learned a level 4 spell: Iskenderun's Mystic Blast
  4250 | D:3      | Reached XP level 6. HP: 32/35 MP: 11/14
  4703 | D:5      | Entered Level 5 of the Dungeon
  4703 | D:5      | Found an oddly glowing altar of Pakellas.
  5071 | D:4      | Learned a level 3 spell: Dazzling Spray
  5230 | D:5      | Got an ichor-stained ring mail
  5246 | D:5      | Identified the +3 ring mail of Eternity {rF+ Int+2 Stlth+} (You found it on level 5 of the Dungeon)
  5438 | D:5      | Killed from afar by an orc priest

Skill      XL: |  1  2  3  4  5  6 |
---------------+-------------------+-----
Conjurations   | 5 6 |  6.5
Spellcasting   | 4 |  4.5
Fighting       | 2 4 |  4.0
Dodging        | |  2.4
Stealth        | |  2.4

Action                   |  1- 3 |  4- 6 || total
-------------------------+-------+-------++-------
Melee: Unarmed           |     2 |       ||     2
 Cast: Magic Dart        |    67 |   116 ||   183
       Searing Ray       |     4 |    26 ||    30
       Iskenderun's Myst |       |     7 ||     7
  Eat: Bread ration      |     1 |     2 ||     3
       Chunk             |       |     2 ||     2
Armor: Robe              |     1 |     1 ||     2
       Ring mail         |       |     1 ||     1
Dodge: Dodged            |     4 |    53 ||    57
